 Dungeon Crawl Stone Soup version 0.18-a0-1413-g4eaa9ac (webtiles) character file.

59 Ijustatesigmund the Insei (level 4, -1/31 HPs)
             Began as an Octopode Transmuter on Feb 25, 2016.
             Slain by a kobold
             ... wielding a +0 short sword
              (5 damage)
             ... on level 2 of the Dungeon.
             The game lasted 00:03:54 (1799 turns).

Ijustatesigmund the Insei (Octopode Transmuter)     Turns: 1799, Time: 00:03:55

Health: -1/31      AC:  1    Str:  9    XL:     4   Next: 3%
Magic:  1/7        EV: 12    Int: 16    God:
Gold:   50         SH:  0    Dex: 12    Spells: 2 memorised, 4 levels left

rFire  . . .     SeeInvis .       - Unarmed
rCold  . . .     Gourm    .     (no shield)
rNeg   . . .     Faith    .     (helmet restricted)
rPois  .         Spirit   .     (no amulet)
rElec  .         Dismiss  .     (no ring)
rCorr  .         Reflect  .     (no ring)
SustAt .         Harm     .     (no ring)
MR     .....                    (no ring)
Stlth  ++........               (no ring)
                                (no ring)
                                (no ring)
                                (no ring)

@: appendage (expiring), very slightly contaminated, not resistant to hostile
enchantments, unstealthy
A: almost no armour, amphibious, 8 rings, constrict 8, tentacle spike 3,
camouflage 1, gelatinous body 1
a: End Transformation


You were on level 2 of the Dungeon.
You were not hungry.
One of your tentacles had a temporary spike.
You visited 1 branch of the dungeon, and saw 2 of its levels.

You collected 50 gold pieces.

Inventory:

Missiles
 a - 8 arrows
Scrolls
 e - a scroll of immolation
Potions
 f - a potion of cure mutation {unknown}
 g - a potion of heal wounds {unknown}
 h - 2 potions of cancellation {unknown}
 i - a potion of invisibility {unknown}
 j - a potion of ambrosia {unknown}
Books
 b - a book of Changes

   Spells                             Type                      Level
   a - Beastly Appendage              Transmutation                1
   b - Sticks to Snakes               Transmutation                2
   c - Spider Form                    Transmutation/Poison         3
   d - Ice Form                       Ice/Transmutation            4
   e - Blade Hands                    Transmutation                5
Comestibles
 c - a bread ration


   Skills:
 * Level 3.0 Fighting
 - Level 2.0 Dodging
 + Level 3.7 Unarmed Combat
 - Level 2.0 Spellcasting
 - Level 2.0 Transmutations


You had 4 spell levels left.
You knew the following spells:

 Your Spells              Type           Power        Failure   Level  Hunger
a - Beastly Appendage     Trmt           #.....       10%         1    #......
b - Sticks to Snakes      Trmt           #.......     14%         2    ###....


Dungeon Overview and Level Annotations

Branches:
Dungeon (2/15)

Altars:
Cheibriados


Innate Abilities, Weirdness & Mutations

You cannot wear most types of armour.
You are amphibious.
You can wear up to eight rings at the same time.
You can use your tentacles to constrict eight enemies at once.
Your skin changes colour to match your surroundings (Stealth).
Your rubbery body absorbs attacks (AC +1).
One of your tentacles bears a large vicious spike.


Message History

* * * LOW HITPOINT WARNING * * *
You tentacle-slap the gnoll.
You squeeze the gnoll, but do no damage.
The gnoll is almost dead.
You constrict the gnoll.
You kill the gnoll!
Your Fighting skill increases to level 3!
You have reached level 4!
The orc zaps a wand.
You resist with some effort.
It is a wand of slowing.
The orc barely misses you.
Things that are here:
a spear; a gnoll corpse You tentacle-slap the orc but do no damage.
You grab the orc.
You pierce the orc.
You squeeze the orc!
You kill the orc!
Your transformation is almost over.
The kobold throws a stone.
The stone hits you.
* * * LOW HITPOINT WARNING * * *
The kobold hits you with a short sword.
You die...

.....#.............###...#######
..##.#......#.#........#........
..#.........#.#.##..##.#.#####..
.)..........#...>......#.#
....#######.###.########.#
<.........#.# #.....÷..#.#
.....####.#.# #.######.#†#
.....####.#.##########.#.#
...............K@(...#.#.#
....#####.#.########.#.#.#
..........#.# .#.#.#
.##########g## .#.#.# .. #...#
.#...# #.K.# .##### #...'gK_.#
.. ##.##....# ## ..# ....#


You could see a kobold.

Vanquished Creatures
  A gnoll (D:2)
  An adder (D:2)
  An ooze (D:1)
  A giant gecko (D:1)
  An orc (D:2)
  5 giant cockroaches
  2 goblins (D:1)
  4 hobgoblins (D:1)
  2 jackals (D:1)
  7 kobolds
  A ball python (D:1)
  3 bats
  A giant newt (D:1)
  4 rats (D:1)
34 creatures vanquished.

Vanquished Creatures (collateral kills)
  A hobgoblin (D:2)
1 creature vanquished.

Grand Total: 35 creatures vanquished

Notes
Turn   | Place    | Note
--------------------------------------------------------------
     0 | D:1      | Ijustatesigmund the Octopode Transmuter began the quest for the Orb.
     0 | D:1      | Reached XP level 1. HP: 13/13 MP: 3/3
   143 | D:1      | Reached XP level 2. HP: 6/19 MP: 5/5
   147 | D:1      | Learned a level 2 spell: Sticks to Snakes
  1118 | D:1      | Reached XP level 3. HP: 16/24 MP: 6/6
  1761 | D:2      | Found a snail-covered altar of Cheibriados.
  1796 | D:2      | Reached XP level 4. HP: 5/31 MP: 1/7
  1799 | D:2      | Slain by a kobold

Vault maps used:
D:1:      lemuel_arrival_broad_hall
D:2:      marbit_many_paths, cheibriados_altar_wand_db, minmay_distorted

Skill      XL: |  1  2  3 |
---------------+----------+-----
Fighting       | 2 3 |  3.0
Dodging        | |  2.0
Unarmed Combat | |  3.7
Spellcasting   | |  2.0
Transmutations | |  2.0

Action                   |  1- 3 |  4- 6 || total
-------------------------+-------+-------++-------
Melee: Unarmed           |    90 |     1 ||    91
 Cast: Sticks to Snakes  |     4 |       ||     4
       Beastly Appendage |     1 |       ||     1
  Use: Scroll            |     4 |       ||     4
       Potion            |     1 |       ||     1
 Stab: Sleeping          |     5 |       ||     5
  Eat: Chunk             |     3 |       ||     3
